 Dungeon Crawl Stone Soup version 0.30-a0-614-ge5ea1257c2 (webtiles) character file.

Game seed: 13687065586832846286

714 Citaku the Covered (level 7, -5/61 HPs)
             Began as a Minotaur Fighter on Jan 9, 2023.
             Slain by an ogre
             ... wielding a +0 giant club
              (29 damage)
             ... on level 4 of the Dungeon.
             The game lasted 00:04:55 (3052 turns).

Citaku the Covered (Minotaur Fighter)               Turns: 3052, Time: 00:04:55

Health: -5/61      AC: 10    Str: 23    XL:     7   Next: 41%
Magic:  6/6        EV: 14    Int:  5    God:
Gold:   115        SH:  5    Dex:  9    Spells: 6/6 levels left

rFire   . . .      SeeInvis .    a - +0 war axe
rCold   . . .      Faith    .    c - +0 buckler
rNeg    . . .      Spirit   .    b - +0 scale mail
rPois   .          Reflect  .    (helmet restricted)
rElec   .          Harm     .    (no cloak)
rCorr   .          Rampage  .    w - +0 pair of gloves
Will    +....                    f - +0 pair of boots Stlth
                                 (no amulet)
HPRegen 0.30/turn                n - +5 ring of evasion
MPRegen 0.10/turn                x - ring of willpower

@: no status effects
A: horns 2, retaliatory headbutt
a: no special abilities


You were on level 4 of the Dungeon.
You visited 1 branch of the dungeon, and saw 4 of its levels.

You collected 115 gold pieces.

Inventory:

Hand Weapons
 a - a +0 war axe (weapon)
Armour
 b - a +0 scale mail (worn)
 c - a +0 buckler (worn)
 f - a +0 pair of boots (worn)
 w - a +0 pair of gloves (worn)
Jewellery
 n - a +5 ring of evasion (left hand)
 x - a ring of willpower (right hand)
Scrolls
 g - 5 scrolls of identify {unknown}
 k - a scroll of teleportation {unknown}
 m - a scroll of magic mapping {unknown}
 o - a scroll of blinking {unknown}
 q - 4 scrolls of fog {unknown}
 s - a scroll of torment {unknown}
 y - a scroll of immolation {unknown}
 A - a scroll of fear {unknown}
 B - a scroll of silence {unknown}
Potions
 d - a potion of might
 e - a potion of haste {unknown}
 h - a potion of magic {unknown}
 i - a potion of cancellation {unknown}
 j - a potion of resistance {unknown}
 l - a potion of berserk rage {unknown}
 p - a potion of curing {unknown}
 r - a potion of mutation {unknown}
 t - a potion of heal wounds {unknown}
 u - a potion of brilliance {unknown}
 v - a potion of ambrosia {unknown}
 z - a potion of flight {unknown}


   Skills:
 + Level 5.3 Fighting
 * Level 6.1 Axes
 * Level 6.7 Armour
 + Level 5.4 Shields


You had 6 spell levels left.
You didn't know any spells.
Your spell library contained the following spells:

 Spells                   Type           Power      Damage    Failure   Level
 Blink                    Tloc           0%         N/A       94%         2
 Momentum Strike          Conj/Tloc      0%         3d8       94%         2
 Lesser Beckoning         Tloc           0%         N/A       99%         3


Dungeon Overview and Level Annotations

Branches:
Dungeon (4/15)
 Temple: D:4-7

Altars:


Innate Abilities, Weirdness & Mutations

You have a pair of horns on your head.
You reflexively headbutt those who attack you in melee.


Message History

You headbutt the scorpion.
You kill the scorpion!
Your Axes skill increases to level 6!
Found 2 boomerangs of dispersal.
An adder comes into view.
The adder hisses angrily.
The adder closely misses you. You block the adder's attack.
An ogre comes into view. It is wielding a +0 giant club.
The ogre shouts!
The adder barely misses you.
You see here 2 sedimented golden potions.
You block the adder's attack. The adder bites you but does no damage.
The adder completely misses you. You block the adder's attack.
The adder misses you. You furiously retaliate!
You headbutt the adder. You closely miss the adder.
You headbutt the adder, but do no damage.
The adder is heavily wounded.
The adder bites you but does no damage. The adder bites you.
You barely miss the adder. You headbutt the adder.
The adder is heavily wounded.
You block the adder's attack. The adder closely misses you.
You furiously retaliate!
You headbutt the adder. You closely miss the adder.
The adder is severely wounded.
You hit the ogre. The adder bites you but does no damage.
The ogre hits you with a +0 giant club!!
You closely miss the adder.
The adder is severely wounded.
You closely miss the ogre. You block the adder's attack.
The adder bites you but does no damage. The ogre barely misses you.
You furiously retaliate!
You headbutt the ogre! You miss the adder. You headbutt the adder.
You kill the adder!
You hit the ogre but do no damage. The ogre hits you with a +0 giant club!
You completely miss the ogre.
The ogre is moderately wounded.
The ogre hits you with a +0 giant club!!
You die...

... #.########## ##..
#........... ###...
###..##..####. #####.....
##...........#.
.......(..##.#.#)#.#.#.#..
.........................#
............#.#.#.#.#.#.#.
.....#####................
........O@.#.#.#.#.#.#.#.#
.......!†.................
..........#.#.#.#.#.#.#.#.
#.........................
.........#.#.#.#.#.#.#.#.#
##........................
#......#.#.#.#.#.#.#.#.#.
..#####...................
#. ...#.#.#.#.#.#.#.#.#


You could see an ogre.

Vanquished Creatures
  Grinder (D:3)
  Sigmund (D:2)
  A scorpion (D:4)
  Crazy Yiuf (D:2)
  An orc priest (D:3)
  A gnoll bouda (D:4)
  Terence (D:2)
  Robin (D:3)
  5 gnolls
  5 adders
  An ufetubus (D:4)
  2 worms (D:3)
  3 dart slugs
  3 orcs
  6 ball pythons
  4 bats
  3 endoplasms
  2 giant cockroaches
  19 goblins
  6 hobgoblins
  4 jackals
  5 quokkas
  2 frilled lizards (D:2)
  5 kobolds
  5 rats
88 creatures vanquished.

Notes
Turn   | Place    | Note
-------+----------+-------------------------------------------
     0 | D:1      | Citaku the Minotaur Fighter began the quest for the Orb.
     0 | D:1      | Reached XP level 1. HP: 19/19 MP: 0/0
   161 | D:1      | Reached XP level 2. HP: 27/27 MP: 1/1
   479 | D:1      | Reached XP level 3. HP: 33/33 MP: 2/2
  1065 | D:2      | Reached XP level 4. HP: 39/40 MP: 3/3
  1267 | D:2      | Noticed Terence
  1267 | D:2      | Noticed Sigmund
  1279 | D:2      | Killed Sigmund
  1280 | D:2      | Reached skill level 5 in Armour
  1280 | D:2      | Reached XP level 5. HP: 37/47 MP: 2/4
  1282 | D:2      | Killed Terence
  1509 | D:2      | Found a runed translucent door.
  1510 | D:2      | Noticed Crazy Yiuf
  1520 | D:2      | Killed Crazy Yiuf
  1521 | D:2      | Reached XP level 6. HP: 9/52 MP: 0/5
  2098 | D:3      | Noticed Grinder
  2112 | D:3      | Killed Grinder
  2113 | D:3      | Reached skill level 5 in Fighting
  2113 | D:3      | Reached skill level 5 in Axes
  2113 | D:3      | Reached skill level 5 in Shields
  2493 | D:3      | Noticed Robin
  2497 | D:3      | Reached XP level 7. HP: 60/61 MP: 6/6
  2503 | D:3      | Killed Robin
  3052 | D:4      | Slain by an ogre

Illustrated notes

Levels and vault maps discovered:
D:1:      dpeg_arrival_rooms_a, layout_basic, minmay_misc_feat_enclosed,
          kennysheep_minor_cross
D:2:      layout_basic, st_stairs_5, uniq_terence, uniq_sigmund,
          uniq_crazy_yiuf_cottage
D:3:      layout_basic, uniq_grinder, uniq_robin
D:4:      cheibrodos_helix_gallery, layout_rooms,
          mainiacjoe_overflow_catch_the_wave, hex_large, nicolae_specific_store

Skill      XL: |  1  2  3  4  5  6  7 |
---------------+----------------------+-----
Armour         | 4 5 6 |  6.7
Axes           | 3 4 5 6 |  6.1
Fighting       | 4 5 |  5.3
Shields        | 4 5 |  5.4

Action                   |  1- 3 |  4- 6 |  7- 9 || total
-------------------------+-------+-------+-------++-------
Melee: War axe           |    67 |    64 |    35 ||   166
       Headbutt          |     9 |     7 |     9 ||    25
Armor: Scale mail        |    37 |    17 |    22 ||    76
Dodge: Dodged            |    47 |    44 |    53 ||   144
Block: Buckler           |    22 |    15 |    18 ||    55

Table legend: (Time is in decaauts)
 A = Elapsed time spent in this place.
 B = Non-inter-level travel time spent in this place.
 C = Inter-level travel time spent in this place.
 D = Time resting spent in this place.
 E = Time spent auto-exploring this place.
 F = Levels seen in this place.
 G = Mean time per level.
                   A        B        C        D        E       F      G
               +--------+--------+--------+--------+--------+-----+--------+
         Total |   3089 |   3089 |      0 |    171 |   2030 |   4 |  772.2 |
       Dungeon |   3089 |   3089 |      0 |    171 |   2030 |   4 |  772.2 |
               +--------+--------+--------+--------+--------+-----+--------+

Top non-repeatable levels by time:
     D:2: 1124 daAuts
     D:3: 944 daAuts
     D:1: 831 daAuts
     D:4: 187 daAuts
